 Dungeon Crawl Stone Soup version 0.30-a0-297-g0ec75d9ef4 (webtiles) character file.

Game seed: 7063991690712886202

28 NinjaNoafa the Ducker (level 3, 0/29 HPs)
             Began as a Merfolk Gladiator on Oct 19, 2022.
             Slain by a gnoll
             ... wielding a +0 whip
              (3 damage)
             ... on level 2 of the Dungeon.
             The game lasted 00:03:02 (709 turns).

NinjaNoafa the Ducker (Merfolk Gladiator)            Turns: 709, Time: 00:03:03

Health: 0/29       AC:  4    Str: 12 (14) XL:     3   Next: 12%
Magic:  3/3        EV: 13    Int:  5 (7)  God:
Gold:   67         SH:  0    Dex: 16 (17) Spells: 2/2 levels left

rFire   . . .      SeeInvis .    a - +0 rapier
rCold   . . .      Faith    .    (no shield)
rNeg    . . .      Spirit   .    b - +0 leather armour
rPois   .          Reflect  .    c - +0 helmet
rElec   .          Harm     .    (no cloak)
rCorr   .          Rampage  .    (no gloves)
Will    .....                    (no boots)
Stlth   ++........               (no amulet)
HPRegen 0.24/turn                (no ring)
MPRegen 0.08/turn                (no ring)

@: no status effects
A: (nimble swimmer 2), mertail
a: no special abilities


You were on level 2 of the Dungeon.
You visited 1 branch of the dungeon, and saw 2 of its levels.

You collected 67 gold pieces.

Inventory:

Hand Weapons
 a - a +0 rapier (weapon)
Missiles
 d - 3 throwing nets (quivered)
 e - a javelin
 i - 4 boomerangs
Armour
 b - a +0 leather armour (worn)
 c - a +0 helmet (worn)


   Skills:
 - Level 3.0 Fighting
 + Level 3.9 Short Blades
 - Level 2.0 Throwing
 + Level 4.3 Dodging
 + Level 1.2 Stealth


You had 2 spell levels left.
You didn't know any spells.
Your spell library contained the following spells:

 Spells                   Type           Power      Damage    Failure   Level
 Blink                    Tloc           0%         N/A       71%         2
 Manifold Assault         Tloc           0%         N/A       100%        4
 Storm Form               Tmut/Air       0%         N/A       100%        7


Dungeon Overview and Level Annotations

Branches:
Dungeon (2/15)

Altars:
Wu Jian


Innate Abilities, Weirdness & Mutations

((You are very nimble when in or above water. (Stealth+, EV+, Speed+++)))
Your lower body shifts to a powerful aquatic tail in water.


Message History

The gnoll hits you with a +0 whip.
You escape the ball python's grasp.
The gnoll attacks as you move away! The gnoll barely misses you.
There is an open door here.
It was a potion of degeneration.
There was something very wrong with that liquid.
You feel weakened.
You feel dopey.
You feel clumsy. The ball python misses you.
The ball python closely misses you.
It was a potion of heal wounds.
You feel much better. The ball python closely misses you.
The ball python grabs you. The ball python constricts you.
The gnoll hits you from afar with a +0 spear.
You escape the ball python's grasp.
The ball python attacks as you move away!
The ball python barely misses you. The ball python closely misses you.
As you read the scroll labelled KICRUV JINENERR, it crumbles to dust.
It is a scroll of identify.
You don't have any unidentified items.
The ball python bites you but does no damage.
The ball python closely misses you. The gnoll completely misses you.
The ball python closely misses you. The ball python misses you.
You hit the ball python.
You kill the ball python!
The gnoll closely misses you.
You closely miss the gnoll.
The gnoll is moderately wounded.
The gnoll hits you from afar with a +0 spear.
The gnoll hits you with a +0 whip!
The gnoll hits you from afar with a +0 vorpal spear.
* * * LOW HITPOINT WARNING * * *
You barely miss the gnoll.
The gnoll is moderately wounded.
The gnoll closely misses you. The gnoll hits you with a +0 whip.
* * * LOW HITPOINT WARNING * * *
The gnoll closely misses you. The gnoll attacks as you move away!
The gnoll hits you with a +0 whip.
* * * LOW HITPOINT WARNING * * *
The gnoll attacks as you move away! The gnoll misses you.
The gnoll attacks as you move away! The gnoll hits you with a +0 whip.
You die...

.............................
......#.#.##........#####.#..
..............._... #.#..
........#.##....... #..#
..#.##..#.###.... . #
#......##.###. #.............
#..#.#..#.###
##+##..#.#..#@####.# #
#......#....g........
#.#......####g#.#######
#.#....#gg.g..#.#
##......'.####.#.#
...#....#.# #.#.# ...#....#.#
#.#.# ........#.####.#.#
...#..............


You could see 3 gnolls.

Vanquished Creatures
  A dart slug (D:2)
  6 ball pythons
  3 endoplasms (D:1)
  A giant cockroach (D:1)
  2 goblins (D:1)
  3 jackals (D:1)
  3 quokkas
  2 rats (D:1)
21 creatures vanquished.

Notes
Turn   | Place    | Note
-------+----------+-------------------------------------------
     0 | D:1      | NinjaNoafa the Merfolk Gladiator began the quest for the
                  | Orb.
     0 | D:1      | Reached XP level 1. HP: 16/16 MP: 1/1
   128 | D:1      | Reached XP level 2. HP: 17/24 MP: 2/2
   460 | D:1      | Reached skill level 1 in Stealth
   578 | D:2      | Reached XP level 3. HP: 25/29 MP: 3/3
   623 | D:2      | Found an ornate altar of the Wu Jian Council.
   709 | D:2      | Slain by a gnoll

Illustrated notes

Levels and vault maps discovered:
D:1:      ncdulo_smallfort, layout_rooms
D:2:      layout_basic, basic_altar

Skill      XL: |  1  2 |
---------------+-------+-----
Fighting       | 3 |  3.0
Stealth        | 1 |  1.2
Short Blades   | |  3.9
Throwing       | |  2.0
Dodging        | |  4.3

Action                   || total
-------------------------++-------
Melee: Rapier            ||    64
  Use: Potion            ||     2
       Scroll            ||     1
 Stab: Sleeping          ||     1
Armor: Leather armour    ||    25
Dodge: Dodged            ||    77

Table legend: (Time is in decaauts)
 A = Elapsed time spent in this place.
 B = Non-inter-level travel time spent in this place.
 C = Inter-level travel time spent in this place.
 D = Time resting spent in this place.
 E = Time spent auto-exploring this place.
 F = Levels seen in this place.
 G = Mean time per level.
                   A        B        C        D        E       F      G
               +--------+--------+--------+--------+--------+-----+--------+
         Total |    709 |    704 |      5 |      0 |    517 |   2 |  354.5 |
       Dungeon |    709 |    704 |      5 |      0 |    517 |   2 |  354.5 |
               +--------+--------+--------+--------+--------+-----+--------+

Top non-repeatable levels by time:
     D:1: 545 daAuts
     D:2: 163 daAuts
